NYP
SALEM-KEIZER VOLCANOES @ WEST VIRGINIA BLACK BEARS
04/08/2044
 
TOP OF THE 1ST
Salem-Keizer Volcanoes batting - Pitching for West Virginia Black Bears : RHP Matt Decker
Pitching: RHP Matt Decker
Batting: LHB Gil Caraveo 0-0: Called Strike
0-1: Ball
1-1: Called Strike
1-2: Foul Ball, location: 2F
1-2: Ball
2-2: Ball
3-2: Foul Ball, location: 2F
3-2: Strikes out swinging
Batting: RHB Lucan Esini 0-0: Ball
1-0: Ball
2-0: Ball
3-0: Base on Balls
Batting: RHB Justin Baldwin 0-0: Called Strike
0-1: Ball
Lucan Esini steals 2nd base
1-1: Foul Ball, location: 2F
1-2: Ground out 6-3 (Groundball, 4M, EV 97.5 MPH)
Lucan Esini to third
Batting: RHB Davey Beeson 0-0: Called Strike
0-1: Ground out 4-3 (Groundball, 4, EV 97.5 MPH)
Top of the 1st over - 0 runs, 0 hits, 0 errors, 1 left on base; Salem-Keizer 0 - West Virginia 0
BOTTOM OF THE 1ST
West Virginia Black Bears batting - Pitching for Salem-Keizer Volcanoes : RHP Ignacio Gomez
Pitching: RHP Ignacio Gomez
Batting: LHB Joe Hoover 0-0: Called Strike
0-1: Called Strike
0-2: Ground out U3 (Groundball, 34S, EV 85.6 MPH)
Batting: RHB Mike Velazquez 0-0: Foul Ball, location: 2F
0-1: Foul Ball, location: 2F
0-2: Ball
1-2: Foul Ball, location: 2F
1-2: Foul Ball, location: 2F
1-2: Ball
2-2: Ball
3-2: Foul Ball, location: 2F
3-2: Foul Ball, location: 2F
3-2: DOUBLE (Flyball, 78XD, EV 103.1 MPH)
Batting: LHB Gregg Kellerman 0-0: Ball
1-0: Ball
2-0: Foul Ball, location: 2F
2-1: Foul Ball, location: 2F
2-2: Strikes out swinging
Batting: RHB John Goynes 0-0: Fly out, F3 (Popup, 34, EV 68.1 MPH)
Bottom of the 1st over - 0 runs, 1 hit, 0 errors, 1 left on base; Salem-Keizer 0 - West Virginia 0
TOP OF THE 2ND
Salem-Keizer Volcanoes batting - Pitching for West Virginia Black Bears : RHP Matt Decker
Batting: RHB Juan Flores 0-0: Ball
1-0: Swinging Strike
1-1: Ball
2-1: DOUBLE (Flyball, 9LD, EV 114.4 MPH)
Batting: RHB Justin Layton 0-0: Ball
1-0: Swinging Strike
1-1: Ball
2-1: Swinging Strike
2-2: Strikes out swinging
Batting: RHB Gabe Ochoa 0-0: Ground out U3 (Groundball, 34S, EV 86.9 MPH)
Juan Flores to third
Batting: RHB Ryan Johnston 0-0: Ball
1-0: Fly out, F8 (Flyball, 8LS, EV 80.6 MPH)
Top of the 2nd over - 0 runs, 1 hit, 0 errors, 1 left on base; Salem-Keizer 0 - West Virginia 0
BOTTOM OF THE 2ND
West Virginia Black Bears batting - Pitching for Salem-Keizer Volcanoes : RHP Ignacio Gomez
Batting: SHB Mike Corley 0-0: Called Strike
0-1: Called Strike
0-2: Ball
1-2: Strikes out swinging
Batting: RHB Freddy Quintero 0-0: Ball
1-0: Ball
2-0: Called Strike
2-1: Ball
3-1: SINGLE (Groundball, 4MD, EV 105.0 MPH)
Batting: LHB Alan Pumphrey 0-0: Ball
1-0: Ball
2-0: Called Strike
2-1: Fielders Choice at 2nd, U6 (Groundball, 4M, EV 109.4 MPH)
Batting: RHB Pleun Smit 0-0: Called Strike
0-1: Ball
Alan Pumphrey steals 2nd base
1-1: Ground out 6-3 (Groundball, 6, EV 101.9 MPH)
Bottom of the 2nd over - 0 runs, 1 hit, 0 errors, 1 left on base; Salem-Keizer 0 - West Virginia 0
TOP OF THE 3RD
Salem-Keizer Volcanoes batting - Pitching for West Virginia Black Bears : RHP Matt Decker
Batting: RHB Willie Sanchez 0-0: Ball
1-0: Fly out, F8 (Flyball, 8RD, EV 95.6 MPH)
Batting: LHB Gil Caraveo 0-0: Ball
1-0: Ground out U3 (Groundball, 3S, EV 83.8 MPH)
Batting: RHB Lucan Esini 0-0: Called Strike
0-1: Foul Ball, location: 2F
0-2: Ball
1-2: Strikes out swinging
Top of the 3rd over - 0 runs, 0 hits, 0 errors, 0 left on base; Salem-Keizer 0 - West Virginia 0
BOTTOM OF THE 3RD
West Virginia Black Bears batting - Pitching for Salem-Keizer Volcanoes : RHP Ignacio Gomez
Batting: RHB Steve Dennis 0-0: Called Strike
0-1: Ball
1-1: Ball
2-1: Ball
3-1: Base on Balls
Batting: LHB Joe Hoover 0-0: Ball
1-0: Ball
2-0: Called Strike
2-1: Swinging Strike
2-2: Strikes out swinging
Batting: RHB Mike Velazquez 0-0: Fielders Choice at 2nd, 5-4 (Groundball, 56, EV 85.0 MPH)
Batting: LHB Gregg Kellerman 0-0: Ball
1-0: Called Strike
1-1: Foul Ball, location: 2F
1-2: Ball
2-2: Foul Ball, location: 2F
2-2: Strikes out looking
Bottom of the 3rd over - 0 runs, 0 hits, 0 errors, 1 left on base; Salem-Keizer 0 - West Virginia 0
TOP OF THE 4TH
Salem-Keizer Volcanoes batting - Pitching for West Virginia Black Bears : RHP Matt Decker
Batting: RHB Justin Baldwin 0-0: Ball
1-0: SINGLE (Groundball, 56D, EV 81.9 MPH) (infield hit)
Batting: RHB Davey Beeson 0-0: Called Strike
Justin Baldwin is caught stealing 2nd base 2-4
0-1: SINGLE (Line Drive, 8LS, EV 109.4 MPH)
Batting: RHB Juan Flores 0-0: Ball
1-0: Foul Ball, location: 2F
1-1: Ball
2-1: Foul Ball, location: 2F
2-2: Strikes out looking
Batting: RHB Justin Layton 0-0: Fly out, F8 (Flyball, 89S, EV 81.9 MPH)
Top of the 4th over - 0 runs, 2 hits, 0 errors, 1 left on base; Salem-Keizer 0 - West Virginia 0
BOTTOM OF THE 4TH
West Virginia Black Bears batting - Pitching for Salem-Keizer Volcanoes : RHP Ignacio Gomez
Batting: RHB John Goynes 0-0: Ball
1-0: Ground out 6-3 (Groundball, 6, EV 81.2 MPH)
Batting: SHB Mike Corley 0-0: Ball
1-0: Fly out, F8 (Flyball, 8RM, EV 87.5 MPH)
Batting: RHB Freddy Quintero 0-0: Ball
1-0: Called Strike
1-1: Ball
2-1: Swinging Strike
2-2: Foul Ball, location: 2F
2-2: Ball
3-2: Base on Balls
Batting: LHB Alan Pumphrey 0-0: Ball
1-0: Ball
2-0: Called Strike
2-1: Hit by Pitch
Freddy Quintero to second
Batting: RHB Pleun Smit 0-0: Called Strike
0-1: Ball
1-1: Swinging Strike
1-2: Ball
2-2: Strikes out swinging, 2-3 out at first.
Bottom of the 4th over - 0 runs, 0 hits, 0 errors, 2 left on base; Salem-Keizer 0 - West Virginia 0
TOP OF THE 5TH
Salem-Keizer Volcanoes batting - Pitching for West Virginia Black Bears : RHP Matt Decker
Batting: RHB Gabe Ochoa 0-0: Ground out U3 (Groundball, 3L, EV 80.0 MPH)
Batting: RHB Ryan Johnston 0-0: Ball
1-0: Called Strike
1-1: Ground out 4-3 (Groundball, 4, EV 110.0 MPH)
Batting: RHB Willie Sanchez 0-0: Foul Ball, location: 2F
0-1: Foul Ball, location: 2F
0-2: Fly out, F8 (Flyball, 8LD, EV 93.8 MPH)
Top of the 5th over - 0 runs, 0 hits, 0 errors, 0 left on base; Salem-Keizer 0 - West Virginia 0
BOTTOM OF THE 5TH
West Virginia Black Bears batting - Pitching for Salem-Keizer Volcanoes : RHP Ignacio Gomez
Batting: RHB Steve Dennis 0-0: Called Strike
0-1: Ball
1-1: Swinging Strike
1-2: Strikes out looking
Batting: LHB Joe Hoover 0-0: Ball
1-0: Ball
2-0: Foul Ball, location: 2F
2-1: Ball
3-1: Foul Ball, location: 2F
3-2: Base on Balls
Batting: RHB Mike Velazquez 0-0: Ball
Joe Hoover steals 2nd base (no throw)
1-0: SINGLE (Groundball, 6D, EV 94.4 MPH)
Joe Hoover to third
Runner from 3rd tries for Home, SAFE, throw by LF to home
Batting: LHB Gregg Kellerman 0-0: Called Strike
0-1: Foul Ball, location: 2F
0-2: Ball
1-2: Ball
2-2: Fly out, F8 (Flyball, 8RS, EV 88.1 MPH)
Batting: RHB John Goynes 0-0: Swinging Strike
0-1: DOUBLE (Groundball, 3L, EV 97.5 MPH)
Mike Velazquez to third
Runner from 3rd tries for Home, SAFE, throw by RF to home
Batting: SHB Mike Corley 0-0: SINGLE (Groundball, 34D, EV 109.4 MPH)
John Goynes to third
Runner from 3rd tries for Home, SAFE, throw by RF to home
Batting: RHB Freddy Quintero 0-0: Ball
1-0: Swinging Strike
1-1: Swinging Strike
1-2: Strikes out swinging
Bottom of the 5th over - 3 runs, 3 hits, 0 errors, 1 left on base; Salem-Keizer 0 - West Virginia 3
TOP OF THE 6TH
Salem-Keizer Volcanoes batting - Pitching for West Virginia Black Bears : RHP Matt Decker
Batting: LHB Gil Caraveo 0-0: SINGLE (Line Drive, 8RM, EV 92.5 MPH)
Batting: RHB Lucan Esini 0-0: Ball
Gil Caraveo steals 2nd base
1-0: Called Strike
1-1: Foul Ball, location: 2F
1-2: Ball
2-2: Fly out, F7 (Flyball, 7LS, EV 93.1 MPH)
Batting: RHB Justin Baldwin 0-0: Ball
Gil Caraveo steals 3rd base
1-0: Ball
2-0: Swinging Strike
2-1: Ball
3-1: Called Strike
3-2: Foul Ball, location: 2F
3-2: Base on Balls
Batting: RHB Davey Beeson 0-0: Swinging Strike
0-1: Ball
1-1: Foul Ball, location: 2F
1-2: Strikes out swinging
Pinch Hitting: LHB Terry Ebersole 0-0: Ball
1-0: Ball
2-0: SINGLE (Flyball, 78S, EV 89.4 MPH)
Gil Caraveo scores
Justin Baldwin to second
Batting: RHB Justin Layton 0-0: Ball
1-0: Called Strike
1-1: Ball
2-1: Foul Ball, location: 2F
2-2: Ground out 4-3 (Groundball, 4MS, EV 93.1 MPH)
Top of the 6th over - 1 run, 2 hits, 0 errors, 2 left on base; Salem-Keizer 1 - West Virginia 3
BOTTOM OF THE 6TH
West Virginia Black Bears batting - Pitching for Salem-Keizer Volcanoes : RHP Ignacio Gomez
Pitching: LHP Ian Martin
Now at 2B: Gabe Ochoa
Now at SS: Bill Defazio
Batting: LHB Alan Pumphrey 0-0: Called Strike
0-1: Swinging Strike
0-2: Ball
1-2: SINGLE (Groundball, 34D, EV 108.1 MPH)
Batting: RHB Pleun Smit 0-0: Ball
1-0: Called Strike
Alan Pumphrey steals 2nd base
1-1: Intentional Walk
Batting: RHB Steve Dennis 0-0: SINGLE (Groundball, 56D, EV 103.1 MPH)
Alan Pumphrey to third
Pleun Smit to second
Runner from 3rd tries for Home, SAFE, throw by LF to home
Batting: LHB Joe Hoover 0-0: Called Strike
0-1: Ball
1-1: Ball
2-1: Fielders Choice at 2nd, 3-6 (Groundball, 3, EV 77.5 MPH)
Pleun Smit to third
Batting: RHB Mike Velazquez 0-0: Ball
1-0: Ball
Joe Hoover steals 2nd base (no throw)
2-0: Intentional Walk
Batting: LHB Gregg Kellerman 0-0: Ball
1-0: Called Strike
1-1: SINGLE (Groundball, 34D, EV 107.5 MPH)
Pleun Smit scores
Joe Hoover to third
Mike Velazquez to second
Runner from 3rd tries for Home, SAFE, throw by RF to home
Batting: RHB John Goynes 0-0: Ball
1-0: Called Strike
1-1: Ball
2-1: Swinging Strike
2-2: Strikes out looking
Batting: SHB Mike Corley 0-0: Called Strike
0-1: Swinging Strike
0-2: Strikes out swinging
Bottom of the 6th over - 3 runs, 3 hits, 0 errors, 2 left on base; Salem-Keizer 1 - West Virginia 6
TOP OF THE 7TH
Salem-Keizer Volcanoes batting - Pitching for West Virginia Black Bears : RHP Matt Decker
Batting: RHB Gabe Ochoa 0-0: Ball
1-0: Ball
2-0: Ball
3-0: Base on Balls
Batting: RHB Ryan Johnston 0-0: Called Strike
Gabe Ochoa steals 2nd base
0-1: Ball
1-1: Swinging Strike
1-2: Fly out, F8 (Line Drive, 8LM, EV 92.5 MPH)
Pitching: RHP Adam Monge
Batting: RHB Willie Sanchez 0-0: Foul Ball, location: 2F
0-1: Swinging Strike
0-2: Strikes out swinging
Batting: LHB Gil Caraveo 0-0: Foul Ball, location: 2F
0-1: SINGLE (Groundball, 56, EV 100.6 MPH)
Gabe Ochoa to third
Runner from 3rd tries for Home, SAFE, throw by LF to home
Batting: RHB Lucan Esini 0-0: Called Strike
0-1: Ball
Gil Caraveo is caught stealing 2nd base 2-4
Top of the 7th over - 1 run, 1 hit, 0 errors, 0 left on base; Salem-Keizer 2 - West Virginia 6
BOTTOM OF THE 7TH
West Virginia Black Bears batting - Pitching for Salem-Keizer Volcanoes : LHP Ian Martin
Pitching: RHP Lorenzo Merjil
Batting: RHB Freddy Quintero 0-0: Foul Ball, location: 2F
0-1: Ball
1-1: Ball
2-1: Called Strike
2-2: Foul Ball, location: 2F
2-2: Ground out 6-3 (Groundball, 6, EV 91.2 MPH)
Batting: LHB Alan Pumphrey 0-0: Fly out, F9 (Flyball, BS7, EV 97.5 MPH)
Batting: RHB Pleun Smit 0-0: Called Strike
0-1: Ball
1-1: Ball
2-1: SINGLE (Groundball, 56S, EV 63.1 MPH) (infield hit)
Batting: RHB Steve Dennis 0-0: Called Strike
Pleun Smit steals 2nd base
0-1: Foul Ball, location: 2F
0-2: Ball
1-2: Ball
2-2: Ball
3-2: SINGLE (Groundball, 56D, EV 95.6 MPH)
Pleun Smit to third
Runner from 3rd tries for Home, SAFE, throw by LF to home
Batting: LHB Joe Hoover 0-0: Called Strike
0-1: Ball
1-1: Ball
2-1: SINGLE (Groundball, 4MD, EV 105.6 MPH)
Steve Dennis to second
Runner from 2nd tries for 3rd, SAFE, throw by CF made at trailing runner, OUT! 8-6
Bottom of the 7th over - 1 run, 3 hits, 0 errors, 1 left on base; Salem-Keizer 2 - West Virginia 7
TOP OF THE 8TH
Salem-Keizer Volcanoes batting - Pitching for West Virginia Black Bears : RHP Adam Monge
Batting: RHB Lucan Esini 0-0: Ball
1-0: Called Strike
1-1: Called Strike
1-2: Strikes out swinging
Batting: RHB Justin Baldwin 0-0: Ball
1-0: SINGLE (Line Drive, 89S, EV 105.6 MPH)
Batting: RHB Davey Beeson 0-0: Ball
Wild Pitch!
Justin Baldwin to second
1-0: Ball
2-0: Ball
3-0: Called Strike
3-1: Called Strike
3-2: Foul Ball, location: 2F
3-2: Strikes out looking
Batting: RHB Bill Defazio 0-0: Called Strike
0-1: Fly out, F8 (Flyball, 8RD, EV 95.6 MPH)
Top of the 8th over - 0 runs, 1 hit, 0 errors, 1 left on base; Salem-Keizer 2 - West Virginia 7
BOTTOM OF THE 8TH
West Virginia Black Bears batting - Pitching for Salem-Keizer Volcanoes : RHP Lorenzo Merjil
Batting: RHB Mike Velazquez 0-0: Called Strike
0-1: Called Strike
0-2: Foul Ball, location: 2F
0-2: Ground out 4-3 (Groundball, 4M, EV 85.0 MPH)
Pitching: RHP Chase Joy
Batting: LHB Gregg Kellerman 0-0: Ball
1-0: Called Strike
1-1: Called Strike
1-2: Ball
2-2: Strikes out swinging
Batting: RHB John Goynes 0-0: Foul Ball, location: 2F
0-1: Foul Ball, location: 2F
0-2: Ball
1-2: Ball
2-2: Ball
3-2: Base on Balls
Batting: SHB Mike Corley 0-0: Called Strike
0-1: Fielders Choice at 2nd, 5-4 (Groundball, 56, EV 84.4 MPH)
Bottom of the 8th over - 0 runs, 0 hits, 0 errors, 1 left on base; Salem-Keizer 2 - West Virginia 7
TOP OF THE 9TH
Salem-Keizer Volcanoes batting - Pitching for West Virginia Black Bears : RHP Adam Monge
Batting: RHB Justin Layton 0-0: Ground out 4-3 (Groundball, 4M, EV 98.8 MPH)
Batting: RHB Gabe Ochoa 0-0: Ball
1-0: Swinging Strike
1-1: Ball
2-1: Called Strike
2-2: Foul Ball, location: 2F
2-2: Foul Ball, location: 2F
2-2: Ball
3-2: Strikes out looking
Batting: RHB Ryan Johnston 0-0: Ball
1-0: Ground out 5-3 (Groundball, 15, EV 83.1 MPH)
Top of the 9th over - 0 runs, 0 hits, 0 errors, 0 left on base; Salem-Keizer 2 - West Virginia 7
Thursday, March 31st , 2022 - OOTP Baseball 22.12 Build 89